 Dungeon Crawl Stone Soup version 0.30-a0-916-g9813417 (webtiles) character file.

Game seed: 10352956237189680129

1715 Dorkslayer the Shield-Bearer (level 9, -3/54 HPs)
             Began as a Gargoyle Fighter on Apr 17, 2023.
             Slain by a yak (10 damage)
             ... on level 6 of the Dungeon.
             The game lasted 00:18:29 (4196 turns).

Dorkslayer the Shield-Bearer (Gargoyle Fighter)     Turns: 4196, Time: 00:18:30

Health: -3/54      AC: 22    Str: 20    XL:     9   Next: 4%
Magic:  9/9        EV:  5    Int:  9    God:
Gold:   396        SH: 15    Dex: 13    Spells: 8/8 levels left

rFire   + . .      SeeInvis .    a - +0 war axe
rCold   + . .      Faith    .    n - +5 Storm Queen's Shield {shock, Fly rElec}
rNeg    + . .      Spirit   .    s - +0 plate armour
rPois   ∞          Reflect  .    d - +0 helmet
rElec   +          Rampage  .    e - scarf {rC+ rF+}
rCorr   .                        h - +1 pair of gloves
Will    .....                    (no boots) Stlth
                                 (no amulet)
HPRegen 0.29/turn                (no ring)
MPRegen 0.11/turn                (no ring)

@: flying
A: sickness immunity, AC +6, negative energy resistance 1, electricity
resistance, torment resistance 1, petrification resistance
a: no special abilities


You were on level 6 of the Dungeon.
You visited 1 branch of the dungeon, and saw 6 of its levels.

You collected 396 gold pieces.

Inventory:

Hand Weapons
 a - a +0 war axe (weapon)
Missiles
 p - 13 boomerangs (quivered)
 r - 4 javelins
Armour
 d - a +0 helmet (worn)
 e - a scarf of resistance (worn)
 h - a +1 pair of gloves (worn)
 n - the +5 Storm Queen's Shield (worn) {shock, Fly rElec}
   (You found it on level 3 of the Dungeon)

   Shock:     When it blocks an attack, it may electrocute the attacker.
   This works even against foes who are a short distance away.
   rElec:     It insulates you from electricity.
   Fly:       It grants you flight.
 s - a +0 plate armour (worn)
Jewellery
 k - an amulet of faith
Wands
 m - a wand of flame (15)
Scrolls
 c - a scroll of enchant armour {unknown}
 q - a scroll of torment {unknown}
Potions
 f - 3 potions of attraction
 g - 4 potions of lignification
 i - 3 potions of cancellation
 l - 3 potions of curing
 o - a potion of mutation {unknown}


   Skills:
 + Level 5.3 Fighting
 + Level 3.9 Axes
 + Level 1.8 Throwing
 + Level 5.5 Armour
 + Level 3.4 Dodging
 * Level 6.6 Shields
 * Level 4.3 Evocations


You had 8 spell levels left.
You didn't know any spells.
Your spell library contained the following spells:

 Spells                   Type           Power      Damage    Failure   Level
 Necrotise                Necr           0%         1d4       100%        1
 Sandblast                Erth           0%         2d4       100%        1
 Passwall                 Tmut/Erth      0%         N/A       100%        2
 Wereblood                Tmut           0%         N/A       100%        2
 Stone Arrow              Conj/Erth      0%         3d7       100%        3
 Summon Guardian Golem    Hex/Summ       0%         N/A       100%        3
 Vampiric Draining        Necr           0%         2d6       100%        3
 Agony                    Necr           0%         N/A       100%        5
 Orb of Destruction       Conj           0%         9d5       100%        7
 Spellforged Servitor     Conj/Summ      0%         N/A       100%        7
 Summon Hydra             Summ           0%         N/A       100%        7
 Sublimation of Blood     Necr           Unusable   N/A       N/A         2

Dungeon Overview and Level Annotations

Branches:
Dungeon (6/15)
 Temple: D:4-7

Altars:
Ashenzari
Kikubaaqudgha
Trog
Yredelemnul
The Shining One


Innate Abilities, Weirdness & Mutations

You are immune to sickness and miasma.
Your stone body is resilient. (AC +6)
You are immune to poison.
You resist negative energy. (rN+)
You are resistant to electric shocks. (rElec)
You are resistant to unholy torment.
You are immune to petrification.


Message History

The yak gores you but does no damage. The yak gores you.
The orc priest invokes the aid of Beogh against you.
Beogh smites you!
* * * LOW HITPOINT WARNING * * *
The hound bites you but does no damage. The yak gores you but does no damage.
The orc priest hits you from afar with a +0 trident.
* * * LOW HITPOINT WARNING * * *
The yak gores you.
* * * LOW HITPOINT WARNING * * *
You block the yak's attack. The hound bites you but does no damage.
It was a potion of heal wounds.
You feel much better. You block the hound's attack. You block the yak's attack.
The yak barely misses you. The yak gores you.
The orc priest looks encouraged for a moment.
Okay, then.
Okay, then.
Okay, then.
The hound attacks as you move away! The hound completely misses you.
You block the yak's attack.
Your shield discharges, shocking the yak!
You block the yak's attack. The hound bites you but does no damage.
You block the orc priest's attack.
You closely miss the orc.
The orc is severely wounded.
You hit the yak. You completely miss the hound. You barely miss the yak.
The hound bites you but does no damage. You block the hound's attack.
Your shield discharges, shocking the hound!
You kill the hound!
You block the orc's attack. The yak gores you. The yak gores you!
The orc priest mumbles some strange prayers to Beogh against you.
Beogh smites you!
* * * LOW HITPOINT WARNING * * *
Unknown command.
You slash the orc!
You kill the orc!
You hit the yak. You barely miss the yak. You hit the yak but do no damage.
You block the orc priest's attack.
Your shield discharges, shocking the orc priest!
The yak completely misses you. The yak gores you!
You die...

#### ### #...#
#..###.###### #...##
#..##..##...# ##...##
....#.......###.....#
.......##..###.....##
.....###....#.....####
...#.# #..##.........#
##.#.#.#...#.....Y)..#.#
................@Y........
))##............Y)o..####.
.).##.................#
...##.................#
..## ................# ###
......###.......... # ..#
#..>...>... ## .#
#......... _###


You could see 3 yaks and an orc priest.

Vanquished Creatures
  Sigmund (D:6)
  An acid dragon (D:6)
  An ice beast (D:6)
  A black bear (D:5)
  A centaur (D:6)
  2 phantoms
  A bullfrog (D:6)
  A wyvern zombie (D:5)
  3 scorpions
  A water moccasin skeleton (D:5)
  A bullfrog zombie (D:5)
  A bullfrog skeleton (D:5)
  2 hounds (D:6)
  A jelly (D:5)
  An orc priest (D:6)
  4 iguanas
  4 sleepcaps
  2 orc wizards
  A killer bee zombie (D:5)
  Robin (D:2)
  6 adders
  An ufetubus (D:2)
  2 worms
  2 dart slugs
  18 orcs
  7 ball pythons
  9 bats
  7 endoplasms
  5 giant cockroaches
  16 goblins
  10 hobgoblins
  6 jackals
  3 quokkas
  2 frilled lizards
  9 kobolds
  12 rats
146 creatures vanquished.

Notes
Turn   | Place    | Note
-------+----------+-------------------------------------------
     0 | D:1      | Dorkslayer the Gargoyle Fighter began the quest for the
                  | Orb.
     0 | D:1      | Reached XP level 1. HP: 14/14 MP: 1/1
   180 | D:1      | Reached XP level 2. HP: 15/19 MP: 2/2
   505 | D:1      | Reached skill level 1 in Dodging
   524 | D:1      | Reached XP level 3. HP: 23/23 MP: 3/3
  1268 | D:2      | Noticed Robin
  1275 | D:2      | Reached XP level 4. HP: 18/29 MP: 4/4
  1287 | D:2      | Killed Robin
  1655 | D:3      | Found the +5 Storm Queen's Shield {shock, Fly rElec}
  1722 | D:3      | Reached XP level 5. HP: 33/33 MP: 5/5
  1783 | D:3      | Found a faded altar of an unknown god.
  1915 | D:3      | Found a basalt altar of Yredelemnul.
  2357 | D:4      | Reached skill level 4 in Shields
  2373 | D:4      | Reached skill level 1 in Evocations
  2419 | D:4      | Found an ancient bone altar of Kikubaaqudgha.
  2430 | D:4      | Reached XP level 6. HP: 38/38 MP: 6/6
  2953 | D:5      | Entered Level 5 of the Dungeon
  2956 | D:5      | Noticed a black bear
  2963 | D:5      | Reached XP level 7. HP: 37/43 MP: 7/7
  2968 | D:5      | Reached skill level 5 in Shields
  3520 | D:5      | Reached XP level 8. HP: 47/48 MP: 8/8
  3569 | D:5      | Found a broken altar of Ashenzari.
  3678 | D:6      | Noticed Sigmund
  3683 | D:6      | Killed Sigmund
  3684 | D:6      | Reached skill level 5 in Armour
  3747 | D:5      | Reached skill level 1 in Throwing
  3770 | D:6      | Reached skill level 6 in Shields
  3773 | D:6      | Reached skill level 5 in Fighting
  3944 | D:6      | Found a glowing golden altar of the Shining One.
  4031 | D:6      | Found a bloodstained altar of Trog.
  4127 | D:6      | Reached XP level 9. HP: 50/54 MP: 9/9
  4196 | D:6      | Slain by a yak

Illustrated notes

Levels and vault maps discovered:
D:1:      elethiomel_arrival_maze, layout_basic
D:2:      kennysheep_six_static_rooms, layout_rooms, kennysheep_generic_room_15,
          uniq_robin
D:3:      layout_basic, mainiacjoe_overflow_brackets,
          chequers_ecumenical_altar_simple_redux, kennysheep_generic_room_8
D:4:      layout_basic, mainiacjoe_overflow_paths
D:5:      layout_loops_ring, lemuel_tele_altar, serial_undead, serial_undead_f,
          serial_undead_d, serial_undead_e, serial_undead_c,
          hangedman_decor_growths
D:6:      layout_cave_pools, nemelex_dance_club_becter,
          mainiacjoe_overflow_surrounded_room, mainiacjoe_overflow_24_doors,
          tso_altar, uniq_sigmund

Skill      XL: |  1  2  3  4  5  6  7  8 |
---------------+-------------------------+-----
Axes           | 2 3 |  3.9
Dodging        | 1 2 3 |  3.4
Armour         | 4 5 |  5.5
Shields        | 4 5 6 |  6.6
Evocations     | 1 2 3 4 |  4.3
Fighting       | 4 5 |  5.3
Throwing       | 1 |  1.8

Action                     |  1- 3 |  4- 6 |  7- 9 || total
---------------------------+-------+-------+-------++-------
  Melee: War axe           |   114 |   151 |   123 ||   388
  Throw: Boomerang         |       |       |     5 ||     5
  Evoke: Wand              |       |       |     4 ||     4
    Use: Potion            |     1 |       |     1 ||     2
         Scroll            |       |     6 |     1 ||     7
 Armour: Scale mail        |    92 |    89 |    48 ||   229
         Plate armour      |       |       |    26 ||    26
  Dodge: Dodged            |    74 |    70 |    47 ||   191
  Block: Buckler           |    30 |    18 |       ||    48
         Kite shield       |       |    62 |   119 ||   181

Table legend: (Time is in decaauts)
 A = Elapsed time spent in this place.
 B = Non-inter-level travel time spent in this place.
 C = Inter-level travel time spent in this place.
 D = Time resting spent in this place.
 E = Time spent auto-exploring this place.
 F = Levels seen in this place.
 G = Mean time per level.
                   A        B        C        D        E       F      G
               +--------+--------+--------+--------+--------+-----+--------+
         Total |   4379 |   4379 |      0 |    115 |   1526 |   6 |  729.8 |
       Dungeon |   4379 |   4379 |      0 |    115 |   1526 |   6 |  729.8 |
               +--------+--------+--------+--------+--------+-----+--------+

Top non-repeatable levels by time:
     D:1: 1029 daAuts
     D:5: 825 daAuts
     D:4: 809 daAuts
     D:2: 649 daAuts
     D:3: 584 daAuts
     D:6: 481 daAuts
